 Dungeon Crawl Stone Soup version 0.23.1-44-gbd83930989 (webtiles) character file.

Game seed: 18017856758246291429

324 PentaManta the Ducker (level 6, -11/42 HPs)
             Began as an Octopode Fighter on Mar 30, 2019.
             Mangled by an ogre
             ... wielding a +0 giant club
              (33 damage)
             ... on level 4 of the Dungeon.
             The game lasted 00:04:28 (3282 turns).

PentaManta the Ducker (Octopode Fighter)            Turns: 3282, Time: 00:04:29

Health: -11/42     AC:  1    Str: 16    XL:     6   Next: 48%
Magic:  6/6        EV: 13    Int: 10    God:
Gold:   166        SH:  9    Dex: 13    Spells: 5/5 levels left

rFire    . . .     SeeInvis .   a - +0 long sword
rCold    . . .     Gourm    .   b - +0 shield
rNeg     . . .     Faith    .   (helmet restricted)
rPois    .         Spirit   .   (no amulet)
rElec    .         Reflect  .   (no ring)
rCorr    .         Harm     .   (no ring)
MR       .....                  (no ring)
Stlth    +++.......             (no ring)
HPRegen  0.14/turn              (no ring)
MPRegen  0.10/turn              (no ring)
                                (no ring)
                                (no ring)

@: no status effects
A: almost no armour, stealthy swim, amphibious, 8 rings, constrict 8, camouflage
1, gelatinous body 1
a: no special abilities


You were on level 4 of the Dungeon.
You were hungry.

You visited 1 branch of the dungeon, and saw 4 of its levels.

You collected 166 gold pieces.

Inventory:

Hand Weapons
 a - a +0 long sword (weapon)
Armour
 b - a +0 shield (worn)
Jewellery
 s - an uncursed ring of protection from fire {unknown}
Scrolls
 e - 2 scrolls of enchant weapon {unknown}
 f - 2 scrolls of fear {unknown}
 g - a scroll of blinking {unknown}
 i - a scroll of identify {unknown}
 j - a scroll of magic mapping {unknown}
 l - a scroll of teleportation {unknown}
 m - a scroll of immolation {unknown}
 p - 4 scrolls of remove curse {unknown}
 t - a scroll of enchant armour {unknown}
Potions
 c - 2 potions of might
 h - a potion of invisibility {unknown}
 k - 2 potions of haste {unknown}
 n - a potion of degeneration {unknown}
 o - 3 potions of curing {unknown}
 q - a potion of ambrosia {unknown}
 r - 2 potions of brilliance {unknown}
 u - a potion of heal wounds {unknown}
Comestibles
 d - 5 rations


   Skills:
 - Level 3.0 Fighting
 * Level 4.4 Long Blades
 * Level 5.0 Dodging
 + Level 3.7 Stealth
 - Level 3.0 Shields


You had 5 spell levels left.
You didn't know any spells.
Your spell library was empty.

Dungeon Overview and Level Annotations

Branches:
Dungeon (4/15)
 Temple: D:4-7

Altars:
Elyvilon
Yredelemnul

Annotations:
D:4 1 runed translucent door, Struensee's ghost, amateur OgBe


Innate Abilities, Weirdness & Mutations

You cannot wear most types of armour.
You are very stealthy in the water. (Stealth+)
You are amphibious.
You can wear up to eight rings at the same time.
You can use your tentacles to constrict eight enemies at once.
Your skin changes colour to match your surroundings (Stealth+).
Your rubbery body absorbs attacks. (AC +1, EV +1)


Message History

You hit the ogre.
The ogre is moderately wounded.
The ogre closely misses you.
You riposte.
Your shield prevents you from hitting the ogre.
Your squeeze misses the ogre.
The ogre is moderately wounded.
You barely miss the ogre. You squeeze the ogre!
The ogre is heavily wounded.
The ogre hits you with a +0 giant club!
You hit the ogre but do no damage. You squeeze the ogre.
The ogre is severely wounded.
The ogre barely misses you.
You closely miss the ogre. Your squeeze misses the ogre.
The ogre is severely wounded.
The ogre hits you with a +0 giant club!
You barely miss the ogre. You squeeze the ogre.
The ogre is severely wounded.
The ogre hits you with a +0 giant club!!
Ouch! That really hurt!
You die...

#.### #.#
....# #.#
....#
####.#
....#
###....##
.†..#
.........#
....#
.###.###.#
..### #.
#.# ### #
#.#######.
#.@O......
#########.
####


You could see an ogre.

Vanquished Creatures
  2 orc priests
  2 orc wizards (D:3)
  4 gnolls (D:4)
  6 adders
  An ooze (D:1)
  2 worms
  3 dart slugs (D:1)
  2 leopard geckos
  9 orcs
  10 bats
  2 giant cockroaches
  5 goblins
  8 hobgoblins
  11 jackals
  10 kobolds
  4 ball pythons
  4 frilled lizards (D:2)
  7 rats
92 creatures vanquished.

Notes
Turn   | Place    | Note
-------+----------+-------------------------------------------
     0 | D:1      | PentaManta the Octopode Fighter began the quest for the
                  | Orb.
     0 | D:1      | Reached XP level 1. HP: 16/16 MP: 1/1
   302 | D:1      | Reached XP level 2. HP: 10/21 MP: 2/2
   308 | D:1      | Reached skill level 1 in Stealth
   592 | D:1      | Reached XP level 3. HP: 26/26 MP: 3/3
  1387 | D:2      | Reached XP level 4. HP: 31/31 MP: 4/4
  1816 | D:3      | Reached skill level 4 in Dodging
  1947 | D:3      | Reached XP level 5. HP: 11/36 MP: 5/5
  2569 | D:3      | Reached XP level 6. HP: 40/42 MP: 6/6
  2659 | D:3      | Found a white marble altar of Elyvilon.
  2741 | D:3      | Found a basalt altar of Yredelemnul.
  3081 | D:4      | Found a runed translucent door.
  3097 | D:4      | Noticed Struensee's ghost (amateur OgBe)
  3192 | D:4      | Reached skill level 5 in Dodging
  3282 | D:4      | Mangled by an ogre

Skill      XL: |  1  2  3  4  5  6 |
---------------+-------------------+-----
Stealth        | 1 2 3 |  3.7
Long Blades    | 3 4 |  4.4
Dodging        | 4 5 |  5.0
Fighting       | |  3.0
Shields        | |  3.0

Action                   |  1- 3 |  4- 6 || total
-------------------------+-------+-------++-------
Melee: Long sword        |    63 |   113 ||   176
       Constrict         |    15 |    33 ||    48
       Tentacles         |    11 |    25 ||    36
 Stab: Sleeping          |    11 |    11 ||    22
  Eat: Chunk             |     1 |     6 ||     7
Armor: Skin              |     2 |     2 ||     4
Dodge: Dodged            |    40 |    61 ||   101
Block: Shield            |    24 |    43 ||    67
       Rpst.: Long sword |     8 |    18 ||    26
